 Dungeon Crawl Stone Soup version 0.26.1-2-gb8aa6d0cf2 (webtiles) character file.

Game seed: 3935667082715491896

526 Gadfly the Skirmisher (level 7, -9/72 HPs)
             Began as an Ogre Monk on Feb 12, 2021.
             Was a Believer of Okawaru.
             Mangled by an ogre
             ... wielding a +0 giant club
              (34 damage)
             ... on level 4 of the Dungeon.
             The game lasted 00:07:45 (3924 turns).

Gadfly the Skirmisher (Ogre Monk)                   Turns: 3924, Time: 00:07:46

Health: -9/72      AC:  7    Str: 18      XL:     7   Next: 23%
Magic:  9/9        EV: 11    Int:  8 (11) God:    Okawaru [**....]
Gold:   149        SH:  0    Dex: 16 (17) Spells: 6/6 levels left

rFire    . . .     SeeInvis .   b - +2 quarterstaff (chaos)
rCold    . . .     Faith    .   (shield currently unavailable)
rNeg     . . .     Spirit   .   e - +0 robe
rPois    .         Reflect  .   (helmet restricted)
rElec    .         Harm     .   g - +0 cloak
rCorr    .         Rampage  .   (gloves unavailable)
Will     .....                  (boots unavailable)
Stlth    ++........             (no amulet)
HPRegen  0.22/turn              l - +6 ring of dexterity
MPRegen  0.11/turn              (no ring)

@: no status effects
A: large, unfitting armour, antennae 1, rugged brown scales 1, thin metallic
scales 1, deterioration 1, tough skin 1
a: Renounce Religion, Heroism


You were on level 4 of the Dungeon.
You worshipped Okawaru.
Okawaru was pleased with you.
You visited 1 branch of the dungeon, and saw 4 of its levels.

You collected 149 gold pieces.

Inventory:

Hand Weapons
 a - a +1 mace of draining
 b - a +2 quarterstaff of chaos (weapon)
 i - a +0 flail
Missiles
 c - 98 stones (quivered)
Armour
 e - a +0 robe (worn)
 g - a +0 cloak (worn)
Jewellery
 l - a +6 ring of dexterity (left hand)
Wands
 j - a wand of flame (29)
Scrolls
 d - 3 scrolls of blinking
 f - 2 scrolls of teleportation
 h - a scroll of magic mapping
Potions
 k - 2 potions of heal wounds
 m - a potion of lignification


   Skills:
 - Level 4.0 Fighting
 * Level 3.6 Maces & Flails
 * Level 3.1 Throwing
 * Level 2.7 Armour
 - Level 2.6 Dodging
 - Level 1.4 Stealth
 + Level 3.3 Invocations
 * Level 2.5 Evocations


You had 6 spell levels left.
You didn't know any spells.
Your spell library was empty.

Dungeon Overview and Level Annotations

Branches:
Dungeon (4/15)
 Temple: D:4-7

Altars:
Dithmenos
Fedhas
Okawaru
Ru
Trog
Wu Jian
Xom
Zin

Annotations:
D:3 2 transporters


Innate Abilities, Weirdness & Mutations

You are too large for most types of armour.
You have tough skin. (AC +1)
You have a pair of small antennae on your head.
You are partially covered in rugged brown scales. (AC +1, +3% HP)
You are partially covered in thin metallic scales. (AC +2)
Your body sometimes deteriorates upon taking damage.


Message History

You kill the giant cockroach!
Okawaru accepts your kill.
You hit the ogre.
The ogre seems to grow stronger.
The ogre is lightly wounded.
The ogre misses you.
You hit the ogre. You burn the ogre.
The ogre is moderately wounded.
The ogre hits you with a +0 giant club.
You hit the ogre but do no damage.
The ogre is moderately wounded.
You sock the ogre!
The ogre is poisoned.
The ogre is almost dead.
The ogre hits you with a +0 giant club!!!
Ouch! That really hurt!
You are too injured to fight recklessly!
You are too injured to fight recklessly!
You barely miss the ogre.
The ogre is almost dead.
The ogre hits you with a +0 giant club!!
You die...

.. ............ #.[
...........
.#..##.......... #
................ ##
#.............. ##.
#......<....## ... #..
#.....O......##.....#..
#.....@# #.........#..
#.....#####.........##.
###....##.#........#.##
##.#...................#
#.....#.................
#..................###..
#..#.............†......
##....................##
#...................###


You could see an ogre (strong, very poisoned).

Vanquished Creatures
  A centaur (D:2)
  A scorpion (D:4)
  An orc priest (D:3)
  The ghost of kingbonesx the Magician, a weakling FeWz (D:3)
  Crazy Yiuf (D:2)
  3 orc wizards (D:3)
  A worker ant (D:4)
  6 adders
  4 gnolls (D:3)
  A howler monkey skeleton (D:4)
  An ooze (D:2)
  A worm (D:2)
  4 dart slugs
  2 leopard geckos
  8 orcs (D:3)
  A ball python (D:1)
  2 giant cockroaches
  8 goblins
  9 hobgoblins
  11 jackals
  A quokka (D:2)
  10 bats
  2 frilled lizards
  5 kobolds
  10 rats
95 creatures vanquished.

Vanquished Creatures (others)
  2 withered plants (D:3)
2 creatures vanquished.

Grand Total: 97 creatures vanquished

Notes
Turn   | Place    | Note
-------+----------+-------------------------------------------
     0 | D:1      | Gadfly the Ogre Monk began the quest for the Orb.
     0 | D:1      | Reached XP level 1. HP: 24/24 MP: 1/1
   128 | D:1      | Reached XP level 2. HP: 30/32 MP: 2/2
   487 | D:1      | Reached skill level 1 in Invocations
   550 | D:1      | Reached XP level 3. HP: 37/39 MP: 3/3
   558 | D:1      | Reached skill level 1 in Throwing
   761 | D:1      | Gained mutation: You tend to lose your temper in combat.
                  | [potion of mutation]
   761 | D:1      | Gained mutation: You are weak. (Str -2) [potion of
                  | mutation]
   761 | D:1      | Gained mutation: You have a pair of small horns on your
                  | head. [potion of mutation]
   761 | D:1      | Gained mutation: You are partially covered in rugged brown
                  | scales. (AC +1, +3% HP) [potion of mutation]
   762 | D:1      | Lost mutation: You have a pair of small horns on your head.
                  | [potion of mutation]
   762 | D:1      | Lost mutation: You are weak. (Str -2) [potion of mutation]
   762 | D:1      | Lost mutation: You tend to lose your temper in combat.
                  | [potion of mutation]
   762 | D:1      | Gained mutation: You have a pair of small antennae on your
                  | head. [potion of mutation]
   762 | D:1      | Gained mutation: Your body sometimes deteriorates upon
                  | taking damage. [potion of mutation]
   762 | D:1      | Gained mutation: You are partially covered in thin metallic
                  | scales. (AC +2) [potion of mutation]
   806 | D:2      | Reached skill level 1 in Armour
   814 | D:2      | Reached skill level 1 in Evocations
   843 | D:2      | Reached XP level 4. HP: 8/49 MP: 5/5
  1332 | D:2      | Noticed an angel
  1336 | D:2      | Found a shimmering altar of Xom.
  1336 | D:2      | Found a glowing silver altar of Zin.
  1372 | D:2      | Found a shadowy altar of Dithmenos.
  1544 | D:2      | Noticed a centaur
  1556 | D:2      | Killed a centaur
  1557 | D:2      | Reached XP level 5. HP: 27/55 MP: 6/6
  1868 | D:2      | Found a runed translucent door.
  1869 | D:2      | Noticed Crazy Yiuf
  2189 | D:2      | Killed Crazy Yiuf
  2348 | D:3      | Found an ornate altar of the Wu Jian Council.
  2348 | D:3      | Found a sacrificial altar of Ru.
  2349 | D:3      | Found a bloodstained altar of Trog.
  2367 | D:3      | Found a blossoming altar of Fedhas.
  2397 | D:3      | Reached XP level 6. HP: 21/63 MP: 6/8
  2630 | D:3      | Found an iron altar of Okawaru.
  2899 | D:3      | Found a transporter.
  3008 | D:3      | Found a runed translucent door.
  3009 | D:3      | Noticed kingbonesx's ghost (weakling FeWz)
  3102 | D:3      | Found a transporter.
  3648 | D:3      | Killed kingbonesx's ghost
  3649 | D:3      | Reached XP level 7. HP: 72/72 MP: 9/9
  3778 | D:3      | Became a worshipper of Warmaster Okawaru
  3778 | D:3      | Reached * piety under Okawaru
  3778 | D:3      | Reached ** piety under Okawaru
  3866 | D:4      | Found a shadowy altar of Dithmenos.
  3924 | D:4      | Mangled by an ogre

Illustrated notes

Levels and vault maps discovered:
D:1:      enne_arrival_octagon_isle, layout_rooms
D:2:      layout_loops_cross, grunt_temple_overflow_order_and_chaos_1,
          nicolae_overflow_crystal_walls, uniq_crazy_yiuf_cottage
D:3:      gammafunk_wand_slinger, layout_basic,
          nicolae_overflow_quartered_altars, lemuel_doored_altar,
          gammafunk_ghost_grave
D:4:      layout_cave_pools, marbit_many_paths,
          nicolae_dithmenos_through_a_glass_darkly

Skill      XL: |  1  2  3  4  5  6  7 |
---------------+----------------------+-----
Invocations    | 1 2 3 |  3.3
Throwing       | 1 2 3 |  3.1
Armour         | 1 2 |  2.7
Evocations     | 1 2 |  2.5
Maces & Flails | 3 |  3.6
Fighting       | |  4.0
Dodging        | |  2.6
Stealth        | |  1.4

Action                   |  1- 3 |  4- 6 |  7- 9 || total
-------------------------+-------+-------+-------++-------
Melee: Mace              |   107 |    75 |       ||   182
       Quarterstaff      |       |    76 |    16 ||    92
Throw: Stone             |     5 |     8 |       ||    13
  Use: Scroll            |     5 |     3 |       ||     8
       Potion            |     3 |     3 |       ||     6
 Stab: Sleeping          |     2 |     6 |       ||     8
       Petrified         |       |     1 |       ||     1
       Distracted        |       |       |     1 ||     1
Armor: Robe              |    55 |    55 |       ||   110
Dodge: Dodged            |    71 |    75 |     6 ||   152
